 Dungeon Crawl Stone Soup version 0.31-a0-986-g5e6e4ef867 (webtiles) character file.

Game seed: 15753652519806047505

17210 pokeman the Eclecticist (level 12, -3/68 HPs)
             Began as a Deep Elf Hedge Wizard on Nov 21, 2023.
             Was a High Priest of Vehumet.
             Killed from afar by an acid dragon (21 damage)
             ... with a splash of acid
             ... on level 12 of the Dungeon.
             The game lasted 00:32:53 (10939 turns).

pokeman the Eclecticist (Deep Elf Hedge Wizard)    Turns: 10939, Time: 00:32:55

Health: -3/68      AC:  7    Str: 10    XL:     12   Next: 16%
Magic:  38/43      EV: 16    Int: 23    God:    Vehumet [*****.]
Gold:   439        SH:  0    Dex: 14    Spells: 24/44 levels left

rFire   . . .        X - +8 morningstar of Noyngate {freeze, rPois Will+++ Int-2 Stlth+}
rCold   . . .        (no shield)
rNeg    . . .        N - +3 leather armour {rPois}
rPois   +            w - +0 helmet
rElec   .            v - +1 cloak
rCorr   .            P - +2 pair of gloves {Str+3}
SInv    .            W - +2 pair of slick slippers {slick, slippery, EV+4}
Will    ++++.        g - amulet of magic regeneration
Stlth   +++          h - ring of wizardry
HPRegen 0.31/turn    Q - ring of magical power
MPRegen 0.68/turn

%: wizardry (x1)
@: corroded
A: no striking features
a: Renounce Religion


You were on level 12 of the Dungeon.
You worshipped Vehumet.
Vehumet was extremely pleased with you.
You visited 1 branch of the dungeon, and saw 12 of its levels.
You also visited: Bailey.

You collected 1614 gold pieces.
You spent 1175 gold pieces at shops.

Inventory:

Hand Weapons
 m - a +0 whip of electrocution
 X - the +8 morningstar of Noyngate (weapon) {freeze, rPois Will+++ Int-2 Stlth+}
   (You found it on level 11 of the Dungeon)

   Int-2:     It affects your intelligence (-2).
   rPois:     It protects you from poison Will+++: It greatly increases your
   willpower.
   Stlth+:    It makes you more stealthy.
 Y - a +2 short sword of venom
Missiles
 L - 9 curare-tipped darts
Armour
 v - a +1 cloak (worn)
 w - a +0 helmet (worn)
 y - a +1 leather armour of fire resistance
 N - a +3 leather armour of poison resistance (worn)
 P - a +2 pair of gloves of strength (worn)
 W - the +2 pair of slick slippers (worn) {slick, slippery, EV+4}
   (You acquired it on level 5 of the Dungeon)

   Slick:     Its wearer cannot be constricted, engulfed, netted or webbed.
   Slippery:  Its wearer slips away from damaging melee attacks, pulling the
   attacker onward.
   EV+4:      It affects your evasion (+4).
Magical Staves
 j - a staff of death
 I - a staff of earth
 V - a staff of cold
Jewellery
 g - an amulet of magic regeneration (around neck)
 h - a ring of wizardry (left hand)
 p - a ring of protection from cold
 G - a +5 ring of evasion
 Q - a ring of magical power (right hand)
 R - a ring of protection from fire
Wands
 u - a wand of flame (21)
 B - a wand of roots (8)
 E - a wand of polymorph (10)
 T - a wand of mindburst (12)
Scrolls
 k - 2 scrolls of noise {unknown}
 l - 8 scrolls of teleportation
 n - 2 scrolls of brand weapon {unknown}
 o - 2 scrolls of enchant armour {unknown}
 q - 2 scrolls of blinking {unknown}
 r - 7 scrolls of identify {unknown}
 t - a scroll of poison {unknown}
 C - a scroll of fear {unknown}
 D - 2 scrolls of torment {unknown}
 F - a scroll of silence {unknown}
 H - 2 scrolls of revelation
 K - 2 scrolls of immolation {unknown}
 U - a scroll of vulnerability {unknown}
Potions
 a - 4 potions of might {unknown}
 b - 3 potions of ambrosia {unknown}
 c - 2 potions of curing {unknown}
 d - a potion of magic
 e - 3 potions of lignification {unknown}
 f - 4 potions of invisibility {unknown}
 i - 4 potions of heal wounds {unknown}
 s - a potion of mutation {unknown}
 x - 3 potions of degeneration {unknown}
 z - 3 potions of resistance {unknown}
 A - 2 potions of enlightenment {unknown}
 J - 2 potions of attraction {unknown}
 O - a potion of brilliance {unknown}
 S - a potion of haste {unknown}


   Skills:
 - Level 5.0 Fighting
 - Level 5.0 Armour
 - Level 3.0 Dodging
 - Level 3.0 Stealth
 + Level 1.2 Shields
 * Level 16.6 Spellcasting
 + Level 9.9 Conjurations
 - Level 1.1 Summonings
 - Level 3.1 Necromancy
 - Level 1.1 Translocations
 + Level 8.9 Fire Magic
 - Level 1.0 Ice Magic
 - Level 1.0 Air Magic
 - Level 1.0 Earth Magic
 - Level 1.1 Poison Magic
 - Level 1.1 Evocations


You had 24 spell levels left.
You knew the following spells:

 Your Spells              Type           Power      Damage    Failure   Level
a - Magic Dart            Conj           100%       1d8       1%          1
b - Mephitic Cloud        Conj/Pois/Air  37%        N/A       1%          3
c - Call Imp              Summ           48%        N/A       1%          2
d - Blink                 Tloc           48%        N/A       1%          2
e - Foxfire               Conj/Fire      100%       2x1d9     1%          1
f - Starburst             Conj/Fire      29%        6d9       1%          6
g - Freezing Cloud        Conj/Ice/Air   18%        6-21      2%          5

Your spell library contained the following spells:

 Spells                   Type           Power      Damage    Failure   Level
 Sticky Flame             Conj/Fire      58%        2d7       1%          4
 Necrotise                Necr           100%       1d9       1%          1
 Slow                     Hex            76%        N/A       1%          1
 Cigotuvi's Dreadful Rot  Necr/Pois/Air  54%        N/A       1%          2
 Ignite Poison            Fire/Tmut/Pois 34%        N/A       1%          3
 Vampiric Draining        Necr           33%        2d8       1%          3
 Anguish                  Hex/Necr       13%        N/A       9%          4
 Plasma Beam              Fire/Air       21%        2x1d33    9%          6
 Agony                    Necr           33%        N/A       12%         5
 Cause Fear               Hex            9%         N/A       16%         4
 Enfeeble                 Hex            9%         N/A       100%        7


Dungeon Overview and Level Annotations

Branches:
Dungeon (12/15)            Temple (0/1) D:7            Lair (0/5) D:9
    Orc (0/2) D:11         Bailey (visited)

Altars:
Ashenzari
Dithmenos
Elyvilon
Fedhas
Hepliaklqana
Makhleb
Nemelex Xobeh
Okawaru
Sif Muna
Vehumet
Wu Jian
Yredelemnul
The Shining One

Shops:
D:5 ?   D:8 *

Annotations:
D:7 Sword behind rock


Message History

The splash of acid hits you!! The acid corrodes you!
The two-headed ogre shouts in stereo!
Casting: Starburst (dangerous; 1% risk of failure)
Confirm with . or Enter, or press ? or * to list all spells.
You don't know that spell.
The acid dragon spits acid at you. The splash of acid hits you!!
* * * LOW HITPOINT WARNING * * *
The acid corrodes you!
Casting: Starburst (dangerous; 1% risk of failure)
Confirm with . or Enter, or press ? or * to list all spells.
Aiming: Mephitic Cloud (safe; 1% risk of failure)
Press: ? - help, Shift-Dir - straight line The ball explodes into a vile cloud!
The stinking cloud engulfs the two-headed ogre but does no damage.
The two-headed ogre is engulfed in noxious fumes.
Unknown command.
Unknown command.
Found 8 gold pieces.
The two-headed ogre is engulfed in noxious fumes.
The two-headed ogre appears confused.
The two-headed ogre is engulfed in noxious fumes.
The two-headed ogre appears confused.
The acid dragon spits acid at you. The splash of acid hits you.
* * * LOW HITPOINT WARNING * * *
The acid corrodes you!
The two-headed ogre is engulfed in noxious fumes.
The two-headed ogre appears confused.
The two-headed ogre barely misses the acid dragon.
The two-headed ogre hits the acid dragon with a +0 giant spiked club!
Casting: Mephitic Cloud (safe; 1% risk of failure)
Confirm with . or Enter, or press ? or * to list all spells.
Casting: Starburst (dangerous; 1% risk of failure)
Press: ? - help, Dir - look around, f - activate The bolt of fire hits the acid dragon!!
The acid dragon is almost dead.
The acid dragon spits acid at you. The splash of acid hits you!!
You die...

######### ######## ##########
#.......###....... #.........#
#.......#.O.O..... ..........#
#.......#.#....... #.........#
####.......#.#.......
#.........###.........○#.#...D...
#.........##..##@....D.OO#.......
#.........##.###......○###.......
#............# ###.##### ####.###
#....(....#### #.# .# #.........#
#.# .# ####..##### #.#
###..###### #.# ...........# #$#
...........#


You could see a two-headed ogre (confused) and an acid dragon (catching breath).

Vanquished Creatures
  2 two-headed ogres (D:11)
  Urug (D:10)
  A deep elf pyromancer (D:12)
  2 cyclopes
  A gargoyle (D:11)
  A troll (D:11)
  A hornet (D:8)
  2 wyverns
  35 yaks
  Eustachio (D:7)
  2 steam dragons
  3 vampire mosquitoes (D:12)
  Edmund (D:5)
  6 humans (D:10)
  4 water moccasins
  Duvessa (D:4)
  12 orc warriors
  2 sky beasts
  3 black bears
  2 ogres
  8 centaurs
  2 phantoms
  11 kobold brigands
  Blork the orc (D:4)
  2 bullfrogs
  3 gnoll sergeants (D:7)
  2 scorpions
  11 wights
  Dowan (D:4)
  10 killer bees
  An electric eel (D:9)
  A hound (D:5)
  A jelly (D:5)
  5 orc priests
  3 gnoll boudas
  4 iguanas
  Ijyb (D:3)
  13 orc wizards
  Robin (D:3)
  15 gnolls
  7 adders
  A shadow imp (D:5)
  3 white imps
  A worm (D:2)
  3 dart slugs
  44 orcs
  7 endoplasms
  6 giant cockroaches
  13 hobgoblins
  2 jackals (D:3)
  4 quokkas
  5 ball pythons
  4 bats
  A frilled lizard (D:1)
  13 goblins
  32 kobolds
  4 rats
329 creatures vanquished.

Vanquished Creatures (collateral kills)
  5 foxfires (D:9)
5 creatures vanquished.

Vanquished Creatures (others)
  663 foxfires
663 creatures vanquished.

Grand Total: 997 creatures vanquished

Notes
Turn   | Place    | Note
-------+----------+-------------------------------------------
     0 | D:1      | pokeman the Deep Elf Hedge Wizard began the quest for the
                  | Orb.
     0 | D:1      | Reached XP level 1. HP: 10/10 MP: 7/7
   350 | D:1      | Reached XP level 2. HP: 11/15 MP: 1/9
   555 | D:1      | Reached skill level 5 in Spellcasting
   614 | D:1      | Found a faded altar of an unknown god.
   823 | D:2      | Reached XP level 3. HP: 20/20 MP: 8/11
   827 | D:2      | Learned a level 3 spell: Mephitic Cloud
   830 | D:2      | Learned a level 2 spell: Blink
   833 | D:2      | Learned a level 2 spell: Call Imp
  1489 | D:2      | Reached skill level 1 in Armour
  1523 | D:2      | Reached skill level 1 in Fighting
  1917 | D:3      | Reached XP level 4. HP: 25/25 MP: 10/13
  2061 | D:3      | Noticed Robin
  2131 | D:3      | Noticed Ijyb
  2160 | D:3      | Killed Robin
  2176 | D:3      | Killed Ijyb
  2177 | D:3      | Reached skill level 6 in Spellcasting
  2650 | D:4      | Reached XP level 5. HP: 29/29 MP: 12/15
  2703 | D:4      | Noticed a black bear
  2716 | D:4      | Killed a black bear
  2717 | D:4      | Reached skill level 1 in Necromancy
  2717 | D:4      | Reached skill level 1 in Air Magic
  2717 | D:4      | Reached skill level 1 in Poison Magic
  2717 | D:4      | Reached skill level 1 in Evocations
  2717 | D:4      | Reached XP level 6. HP: 33/34 MP: 15/17
  2724 | D:4      | Noticed Duvessa
  2730 | D:4      | Noticed Dowan
  2741 | D:4      | Killed Duvessa
  2742 | D:4      | Reached skill level 7 in Spellcasting
  2747 | D:4      | Killed Dowan
  2833 | D:4      | Noticed Blork the orc
  2847 | D:4      | Killed Blork the orc
  2848 | D:4      | Reached XP level 7. HP: 35/38 MP: 19/19
  3300 | D:4      | Found a white marble altar of Elyvilon.
  3431 | D:4      | Found a basalt altar of Yredelemnul.
  3479 | D:5      | Entered Level 5 of the Dungeon
  3555 | D:5      | Reached skill level 8 in Spellcasting
  3651 | D:5      | Learned a level 1 spell: Foxfire
  3658 | D:5      | Learned a level 6 spell: Starburst
  3766 | D:5      | Reached skill level 1 in Fire Magic
  3816 | D:5      | Noticed Edmund
  3838 | D:5      | Killed Edmund
  3839 | D:5      | Reached XP level 8. HP: 23/44 MP: 19/22
  3848 | D:5      | Reached skill level 9 in Spellcasting
  4161 | D:5      | Found a shadowy altar of Dithmenos.
  4311 | D:5      | Found Wojuplank's Magic Scroll Shop.
  4315 | D:5      | Bought a scroll of revelation for 75 gold pieces
  4315 | D:5      | Bought a scroll of teleportation for 30 gold pieces
  4315 | D:5      | Bought a scroll of teleportation for 30 gold pieces
  4355 | D:6      | Reached skill level 5 in Conjurations
  4366 | D:6      | Reached skill level 10 in Spellcasting
  4604 | D:6      | Reached XP level 9. HP: 48/48 MP: 22/25
  4758 | D:6      | Learned a level 5 spell: Freezing Cloud
  4969 | D:6      | Reached skill level 1 in Earth Magic
  4996 | D:6      | Reached skill level 1 in Ice Magic
  5193 | D:6      | Found a glowing golden altar of the Shining One.
  5224 | D:6      | Found a hazy altar of Hepliaklqana.
  5253 | D:6      | Found a radiant altar of Vehumet.
  5349 | D:6      | Became a worshipper of Vehumet
  5353 | D:6      | Reached skill level 11 in Spellcasting
  5700 | D:7      | Noticed Eustachio
  5710 | D:7      | Killed Eustachio
  5748 | D:7      | Reached * piety under Vehumet
  5748 | D:7      | Offered knowledge of Kiss of Death by Vehumet.
  5749 | D:7      | Reached skill level 5 in Fire Magic
  5810 | D:7      | Reached skill level 12 in Spellcasting
  6157 | D:7      | Found a staircase to the Ecumenical Temple.
  6232 | D:7      | Found an ornate altar of the Wu Jian Council.
  6404 | D:8      | Found a flagged portal.
  6413 | Bailey   | Entered a bailey
  6450 | Bailey   | Reached XP level 10. HP: 53/53 MP: 28/28
  6689 | Bailey   | Found a burning altar of Makhleb.
  6746 | D:8      | Found Imauck's Gadget Gallery.
  6773 | D:8      | Reached ** piety under Vehumet
  6773 | D:8      | Offered knowledge of Shock by Vehumet.
  7009 | D:8      | Reached skill level 13 in Spellcasting
  7096 | D:8      | Found a shimmering blue altar of Sif Muna.
  7229 | D:8      | Reached skill level 5 in Armour
  7427 | D:8      | Found a sparkling altar of Nemelex Xobeh.
  7780 | D:9      | Offered knowledge of Static Discharge by Vehumet.
  7822 | D:9      | Reached *** piety under Vehumet
  7828 | D:9      | Reached skill level 14 in Spellcasting
  8068 | D:9      | Reached XP level 11. HP: 23/60 MP: 31/31
  8442 | D:9      | Offered knowledge of Dazzling Flash by Vehumet.
  8444 | D:9      | Found a staircase to the Lair.
  9030 | D:10     | Entered Level 10 of the Dungeon
  9194 | D:10     | Found a broken altar of Ashenzari.
  9268 | D:10     | Noticed Urug
  9301 | D:10     | Killed Urug
  9302 | D:10     | Reached skill level 15 in Spellcasting
  9439 | D:10     | Found a faded altar of an unknown god.
  9439 | D:10     | Found a blossoming altar of Fedhas.
  9447 | D:10     | Found a burning altar of Makhleb.
  9449 | D:10     | Found an iron altar of Okawaru.
  9451 | D:10     | Found a faded altar of an unknown god.
  9915 | D:5      | Bought 2 scrolls of acquirement for 1040 gold pieces
  9916 | D:5      | Acquired 408 gold pieces
  9917 | D:5      | Acquired the +2 pair of slick slippers {slick, slippery,
                  | EV+4}
  9917 | D:5      | Found the +2 pair of slick slippers {slick, slippery, EV+4}
 10046 | D:11     | Noticed a two-headed ogre
 10052 | D:11     | Killed a two-headed ogre
 10115 | D:11     | Found a staircase to the Orcish Mines.
 10117 | D:11     | Reached **** piety under Vehumet
 10121 | D:11     | Offered knowledge of Inner Flame by Vehumet.
 10386 | D:11     | Reached skill level 16 in Spellcasting
 10421 | D:11     | Identified the +8 morningstar of Noyngate {freeze, rPois
                  | Will+++ Int-2 Stlth+}
 10535 | D:11     | Reached skill level 5 in Fighting
 10535 | D:11     | Reached XP level 12. HP: 59/68 MP: 23/34
 10709 | D:11     | Noticed a two-headed ogre
 10713 | D:11     | Killed a two-headed ogre
 10810 | D:12     | Reached skill level 1 in Shields
 10852 | D:12     | Reached ***** piety under Vehumet
 10853 | D:12     | Offered knowledge of Sticky Flame by Vehumet.
 10921 | D:12     | Noticed a two-headed ogre
 10939 | D:12     | Killed from afar by an acid dragon

Illustrated notes

Levels and vault maps discovered:
D:1:      dpeg_arrival_three_same_balls, layout_basic, basic_ecumenical_altar,
          minivault_19
D:2:      layout_basic, serial_corexii_hall, corexii_hall_statues_x,
          corexii_hall_statues_l
D:3:      layout_basic, uniq_ijyb, uniq_robin
D:4:      layout_basic, kennysheep_ying_yang, uniq_duvessa, uniq_blork_the_orc
D:5:      layout_basic, nicolae_overflow_crystal_walls, serial_shops,
          nicolae_shop_back_alley_shop, uniq_edmund
D:6:      layout_cave_pools, mainiacjoe_overflow_two_lobes, lemuel_tele_altar,
          hangedman_minor_gate_pass
D:7:      layout_cave_pods, kennysheep_mini_moat,
          minmay_temple_entry_statues_pillars, sword_in_stone
D:8:      layout_basic, led_sif_pool, mainiacjoe_overflow_surrounded_room,
          enter_bailey_8, nicolae_shop_gadgets
D:9:      layout_basic, lair_entry_dummy, serial_bayou, serial_bayou_lagoon_a,
          serial_bayou_pond_e, serial_bayou_pond_c, serial_bayou_ford_a
D:10:     layout_loops_ring, evilmike_ruin_ashenzari,
          chequers_temple_overflow_minitemple, minmay_ruffians, uniq_urug
D:11:     layout_rooms, david_orc_2
D:12:     layout_roguey, serial_shops, nicolae_shop_tiny_statue_garden

Skill      XL: |  1  2  3  4  5  6  7  8  9 10 11 12 |
---------------+-------------------------------------+-----
Spellcasting   | 5 6 7 8 10 12 14 16 | 16.6
Armour         | 1 3 4 5 |  5.0
Fighting       | 1 2 3 5 |  5.0
Conjurations   | 2 3 4 5 7 8 9 |  9.9
Stealth        | 3 |  3.0
Dodging        | 3 |  3.0
Necromancy     | 1 2 3 |  3.1
Air Magic      | 1 |  1.0
Poison Magic   | 1 |  1.1
Evocations     | 1 |  1.1
Fire Magic     | 1 3 5 7 8 |  8.9
Earth Magic    | 1 |  1.0
Ice Magic      | 1 |  1.0
Shields        | 1 |  1.2
Summonings     | |  1.1
Translocations | |  1.1

Action                     |  1- 3 |  4- 6 |  7- 9 | 10-12 || total
---------------------------+-------+-------+-------+-------++-------
  Melee: Whip              |       |    13 |       |       ||    13
         Dagger            |       |    36 |    89 |    67 ||   192
         Punch             |       |     2 |       |     1 ||     3
   Cast: Magic Dart        |   139 |    45 |    23 |       ||   207
         Mephitic Cloud    |       |    11 |    16 |    13 ||    40
         Foxfire           |       |       |   234 |   136 ||   370
         Freezing Cloud    |       |       |     2 |       ||     2
         Starburst         |       |       |     1 |    64 ||    65
         Blink             |       |       |       |     1 ||     1
         Call Imp          |       |       |       |     1 ||     1
    Use: Scroll            |       |       |       |     2 ||     2
   Stab: Confused          |       |    10 |     8 |     6 ||    24
 Armour: Robe              |    11 |    16 |       |       ||    27
         Leather armour    |       |     1 |    56 |    95 ||   152
         Skin              |       |       |    15 |       ||    15
  Dodge: Dodged            |    13 |    26 |    69 |    93 ||   201

Table legend: (Time is in decaauts)
 A = Elapsed time spent in this place.
 B = Non-inter-level travel time spent in this place.
 C = Inter-level travel time spent in this place.
 D = Time resting spent in this place.
 E = Time spent auto-exploring this place.
 F = Levels seen in this place.
 G = Mean time per level.
                   A        B        C        D        E       F      G
               +--------+--------+--------+--------+--------+-----+--------+
         Total |  10979 |  10522 |    457 |    177 |   8398 |  13 |  844.5 |
       Dungeon |  10655 |  10198 |    457 |    177 |   8269 |  12 |  887.9 |
        Bailey |    324 |    324 |      0 |      0 |    129 |   1 |  324.0 |
               +--------+--------+--------+--------+--------+-----+--------+

Top non-repeatable levels by time:
     D:9: 1574 daAuts
     D:6: 1161 daAuts
     D:3: 943 daAuts
     D:7: 938 daAuts
     D:2: 908 daAuts
     D:5: 899 daAuts
     D:8: 892 daAuts
     D:4: 834 daAuts
    D:10: 807 daAuts
     D:1: 791 daAuts
    D:11: 738 daAuts
  Bailey: 324 daAuts
    D:12: 165 daAuts
